cohdb
Replays
Latest Replays
All Replays
Popular Replays
Top Player Replays
Match Explorer
How It Works
Community
CoH3 Stats
Reddit
Sign in to upload your games and track your stats! →
Sign in with Steam
Match 47136567
Unlisted
Match 47136567
Overview
Messages
Build Orders
End
Construct Infanterie Kompanie
MG 42 Machine Gun Team
Grenadier Squad
Grenadier Squad
Construct Luftwaffe Kompanie
Jäger Squad
221 Scout Car
Selects Breakthrough Battlegroup
Selects Rapid Production
Luftwaffe Officer Quarters
Jäger Squad
Jäger Squad
Forward Retreat Point
Jäger Squad
Gernhardt Reinlunzen
Dylan Il Bellissimo Arrogante
srubert83
Sidney
Be Frabjous
Rangefinder
Anakin Jared
TURBOMAN
0
0
Comments
sign in to comment!
No comments posted yet!